AoeStats
← metathesis19

Arabia

510219888Analyzed
3v3 RM · 3d ago on Sep 30, 2026· 47m 4s· 6 players
Game mode
Random Map
Map size
Normal (6 player)
Population
200
Speed
Normal
Resources
Standard
Victory
Conquest
Starting age
Dark Age
Ending age
Imperial Age
RankedLock teamsTeams togetherTeam positionsShared explorationLock speedFull tech treeHidden civsTurbo modeCheats
Victory
Defeat
🇨🇱 Maya · Chile
1161
+13
🇨🇱 Chinese · Chile
1131
+14
🇨🇱 Varangians · Chile
1127
+13
🇺🇸 Tupi · United States
1108
-14
🇺🇸 Aztecs · United States
1082
-13
🇺🇸 Poles · United States
1070
-13
KarlPS
6:19 Loom
9:37 Feudal Age
11:34 Double-Bit Axe
12:28 Horse Collar
12:43 Gold Mining
13:28 Fletching
14:05 Horse Collar
17:24 Padded Archer Armor
22:17 Castle Age
20:39 Stone Mining
21:59 Wheelbarrow
21:48 Town Watch
23:15 Bow Saw
23:17 Crossbowman
29:51 Bodkin Arrow
31:38 Leather Archer Armor
35:34 Murder Holes
37:07 Hand Cart
47:34 Imperial Age
metathesis19
6:20 Loom
9:31 Feudal Age
10:33 Double-Bit Axe
11:44 Gold Mining
14:14 Horse Collar
18:08 Wheelbarrow
17:51 Fletching
21:25 Castle Age
21:39 Padded Archer Armor
21:29 Crossbowman
22:11 Bodkin Arrow
24:14 Pikeman
24:56 Man-at-Arms
26:12 Squires
26:21 Scale Mail Armor
26:33 Forging
26:23 Long Swordsman
31:09 Heavy Plow
31:21 Bow Saw
36:11 Arson
36:32 Eagle Warrior
38:29 Chain Mail Armor
39:30 Gold Shaft Mining
40:43 Gambesons
44:15 Elite Skirmisher
jimmykacz
8:06 Loom
10:16 Feudal Age
12:37 Double-Bit Axe
14:26 Horse Collar
20:59 Castle Age
19:47 Scale Barding Armor
19:54 Forging
20:48 Gold Mining
23:48 Bloodlines
23:39 Husbandry
27:10 Chain Barding Armor
28:45 Wheelbarrow
35:14 Hand Cart
38:10 Stone Mining
38:34 Bow Saw
38:29 Heavy Plow
45:39 Imperial Age
45:44 Cavalier
47:18 Iron Casting
Jobrek'er
0:28 Loom
10:03 Feudal Age
10:11 Man-at-Arms
10:42 Double-Bit Axe
10:41 Man-at-Arms
14:10 Town Watch
21:06 Horse Collar
21:18 Gold Mining
23:39 Castle Age
24:26 Crossbowman
25:13 Thumb Ring
29:20 Bow Saw
29:04 Fletching
29:31 Squires
32:30 Bloodlines
32:45 Stone Mining
33:42 Elite Skirmisher
41:29 Fervor
43:15 Husbandry
43:32 Heavy Plow
48:56 Imperial Age
MrTulio007
0:32 Loom
9:46 Feudal Age
10:41 Double-Bit Axe
13:01 Scale Mail Armor
13:12 Forging
18:22 Arson
21:57 Castle Age
20:07 Fletching
22:01 Eagle Warrior
22:58 Chain Mail Armor
22:45 Squires
27:57 Iron Casting
30:37 Gold Mining
30:21 Pikeman
31:15 Town Watch
31:20 Man-at-Arms
32:51 Bodkin Arrow
38:23 Imperial Age
38:02 Padded Archer Armor
38:36 Elite Eagle Warrior
39:56 Conscription
41:16 Wheelbarrow
43:19 Chemistry
44:43 Ballistics
45:54 Bracer
46:24 Plate Mail Armor
46:56 Blast Furnace
47:31 Hoardings
46:19 Elite Plumed Archer
Zeysh
10:29 Feudal Age
11:51 Loom
15:38 Castle Age
13:51 Double-Bit Axe
20:04 Forging
20:08 Pikeman
20:51 Husbandry
22:24 Scale Barding Armor
23:28 Bloodlines
24:59 Horse Collar
30:51 Heavy Plow
31:12 Gold Mining
34:04 Stone Mining
35:02 Iron Casting
36:57 Wheelbarrow
36:17 Fletching
37:03 Town Watch
37:56 Hand Cart
38:01 Squires
38:05 Scale Mail Armor
38:26 Chain Barding Armor
38:53 Bow Saw
38:55 Treadmill Crane
42:14 Imperial Age
41:27 Stone Shaft Mining
42:41 Cavalier
42:54 Capped Ram
45:54 Chemistry
45:15 Ballistics
45:39 Conscription
45:28 Vendel Legacy
47:18 Blast Furnace
Connection lost

Rejoining the realm…

Still unreachable

The connection could not be restored.

Session expired

The server has moved on; the page needs a fresh start.